Map: Proxima Station LE

Players

HEMORRHOIDS - Winner!

  • Race: Protoss Protoss
  • League: Diamond
  • Spawn Location: 1:00

Oblivion

  • Race: Terran Terran
  • League: Bronze
  • Spawn Location: 7:00

VOD

Have the link to the VOD?

Description

Time

  • Played on: April 28, 2017, 1:17 a.m.
  • Length: 23:46
Show
View Real Time Build Order
Export as new Build Order

HEMORRHOIDS Protoss - Winner!

Build Orders:  

Get SALT Encoding   

  12  0:02  Probe (Chrono Boost)  
  13  0:13  Probe (Chrono Boost)  
  14  0:23  Probe (Chrono Boost)  
  14  0:24  Pylon  
  16  0:43  Probe (Chrono Boost)  
  16  0:50  Gateway  
  16  0:53  Probe (Chrono Boost)  
  16  0:56  Assimilator  
  17  1:01  Assimilator  
  17  1:04  Probe (Chrono Boost)  
  18  1:06  Pylon  
  18  1:15  Probe (Chrono Boost)  
  19  1:26  Probe (Chrono Boost)  
  19  1:31  Gateway  
  20  1:36  Probe (Chrono Boost)  
  22  1:47  Probe (Chrono Boost)  
  22  1:53  Cybernetics Core  
  22  1:57  Probe (Chrono Boost)  
  23  2:08  Probe (Chrono Boost)  
  23  2:18  Probe (Chrono Boost)  
  23  2:19  Pylon  
  25  2:32  Mothership Core (Chrono Boost)  
  26  2:40  Stargate  
  26  2:41  Zealot  
  28  2:57  Nexus  
  29  3:06  Probe (Chrono Boost)  
  29  3:09  Adept  
  29  3:36  Fleet Beacon  
  29  3:42  Stargate  
  29  3:45  Pylon  
  27  4:16  Probe (Chrono Boost)  
  28  4:20  Assimilator  
  28  4:23  Assimilator, Tempest  
  34  4:26  Probe (Chrono Boost)  
  35  4:39  Tempest  
  35  4:41  Probe (Chrono Boost)  
  43  4:46  Probe (Chrono Boost)  
  43  4:52  Probe (Chrono Boost)  
  44  5:02  Probe (Chrono Boost)  
  44  5:05  Probe (Chrono Boost)  
  46  5:11  Pylon  
  46  5:28  Tempest  
  46  5:31  Pylon  
  52  5:39  Probe (Chrono Boost)  
  53  5:49  Tempest  
  59  5:50  Probe (Chrono Boost)  
  60  5:57  Pylon  
  60  6:00  Probe (Chrono Boost)  
  61  6:08  Pylon  
  61  6:10  Forge  
  61  6:11  Probe (Chrono Boost)  
  62  6:16  Probe (Chrono Boost)  
  63  6:21  Probe (Chrono Boost)  
  64  6:40  Pylon  
  64  6:44  Photon Cannon  
  63  6:48  Photon Cannon  
  62  6:56  Robotics Facility  
  62  6:59  Oracle  
  59  7:18  Tempest  
  65  7:33  Probe (Chrono Boost)  
  65  7:35  Probe (Chrono Boost)  
  67  7:43  Probe (Chrono Boost)  
  68  7:45  Probe (Chrono Boost)  
  69  7:59  Pylon  
  69  8:02  Pylon  
  69  8:07  Pylon  
  69  8:10  Pylon  
  69  8:47  Carrier x2  
  82  8:48  Probe (Chrono Boost)  
  82  8:55  Stargate  
  82  8:57  Photon Cannon  
  82  8:59  Probe (Chrono Boost)  
  83  9:05  Probe (Chrono Boost)  
  83  9:09  Probe (Chrono Boost)  
  85  9:56  Probe (Chrono Boost)  
  85  9:58  Pylon  
  86  10:07  Probe (Chrono Boost)  
  86  10:11  Tempest  
  73  11:02  Probe (Chrono Boost)  
  73  11:03  Carrier x2  
  73  11:04  Carrier  
  86  11:06  Graviton Catapult  
  92  11:22  Probe (Chrono Boost)  
  92  11:23  Pylon, Probe (Chrono Boost), Nexus  
  94  11:29  Observer  
  95  11:33  Probe (Chrono Boost)  
  95  11:36  Assimilator  
  96  11:41  Probe (Chrono Boost), Assimilator  
  96  11:44  Pylon, Probe (Chrono Boost)  
  98  11:49  Protoss Shields Level 1  
  98  11:59  Photon Cannon  
  98  12:01  Photon Cannon  
  98  12:08  Pylon  
  95  12:20  Gateway  
  95  12:30  Photon Cannon  
  95  12:31  Photon Cannon  
  95  12:32  Photon Cannon  
  95  13:02  Carrier x2  
  106  14:13  Nexus  
  106  14:23  Pylon  
  96  16:21  Nexus  
  96  16:23  Pylon  
  96  16:25  Pylon  
  96  16:30  Pylon  
  95  16:47  Carrier  
  95  16:48  Probe (Chrono Boost)  
  98  16:58  Probe (Chrono Boost)  
  97  17:26  Probe (Chrono Boost)  
  97  17:27  Probe (Chrono Boost)  
  99  17:32  Forge  
  99  17:34  Probe (Chrono Boost)  
  99  17:36  Probe (Chrono Boost)  
  101  17:37  Probe (Chrono Boost)  
  101  17:39  Assimilator  
  102  17:44  Carrier, Probe (Chrono Boost)  
  102  17:47  Probe (Chrono Boost)  
  102  17:48  Probe (Chrono Boost)  
  111  17:55  Probe (Chrono Boost)  
  111  17:58  Probe x2 (Chrono Boost)  
  115  18:05  Probe (Chrono Boost)  
  115  18:08  Probe (Chrono Boost)  
  116  18:16  Probe (Chrono Boost)  
  117  18:34  Photon Cannon  
  117  18:35  Photon Cannon  
  117  18:37  Photon Cannon  
  117  18:38  Photon Cannon  
  117  18:42  Photon Cannon  
  117  18:50  Probe (Chrono Boost)  
  91  19:14  Probe (Chrono Boost)  
  88  19:25  Probe (Chrono Boost)  
  89  21:19  Pylon  
  89  21:20  Pylon  
  89  21:37  Probe (Chrono Boost)  
  90  21:56  Probe (Chrono Boost)  
  91  22:03  Probe (Chrono Boost)  
  91  22:07  Probe (Chrono Boost)  
  93  22:10  Pylon  
  93  22:56  Probe (Chrono Boost)  
  94  23:06  Probe (Chrono Boost)  
Show
View Real Time Build Order
Export as new Build Order

Oblivion Terran 

Build Orders: Cyclone Opening, MMM Bio 

Get SALT Encoding   

  12  0:01  SCV  
  13  0:13  SCV  
  14  0:19  Supply Depot  
  14  0:25  SCV  
  15  0:28  Refinery  
  15  0:41  SCV  
  16  0:45  Barracks  
  16  0:53  Refinery  
  16  0:55  SCV  
  17  1:17  SCV  
  18  1:33  Reaper  
  19  1:44  Factory  
  19  1:45  SCV  
  20  1:57  SCV  
  20  1:58  Barracks  
  21  2:05  Reaper  
  22  2:09  SCV  
  23  2:23  Supply Depot  
  23  2:39  Orbital Command  
  23  2:44  Reaper  
  23  2:46  Cyclone  
  28  2:59  Supply Depot  
  28  3:03  Barracks Tech Lab  
  27  3:11  Starport  
  26  3:33  Stimpack  
  26  3:35  Barracks Reactor, Marine  
  25  3:56  Marine  
  26  4:10  SCV  
  26  4:14  Marine, Cyclone  
  30  4:28  Marine x2  
  32  4:34  Supply Depot  
  32  4:35  Starport Tech Lab  
  31  4:46  SCV  
  31  4:51  Marine x2, Cyclone  
  31  4:52  Marine  
  38  4:55  Supply Depot  
  38  4:58  SCV  
  39  5:04  Supply Depot  
  36  5:22  Marine x3  
  36  5:25  Banshee  
  36  5:26  Cloaking Field  
  42  5:37  Supply Depot  
  42  5:40  Marine  
  43  5:43  Marine x2  
  43  5:47  Combat Shields  
  45  5:58  SCV  
  45  6:01  Marine  
  47  6:10  SCV  
  48  6:29  Marine  
  48  6:30  Marine x2  
  48  6:32  SCV  
  51  6:41  Supply Depot  
  51  6:44  Command Center  
  51  7:14  Marine x3  
  54  7:16  Banshee  
  54  7:19  SCV  
  58  7:31  SCV  
  58  7:34  Marine x3  
  62  7:38  Supply Depot  
  62  7:41  Starport  
  62  7:44  SCV  
  63  7:45  Barracks  
  63  7:46  Barracks  
  63  7:56  SCV  
  63  7:57  Concussive Shells, Supply Depot  
  64  7:58  Marine x3  
  67  8:06  Orbital Command  
  67  8:11  SCV  
  68  8:26  SCV  
  69  8:30  Marine x3  
  69  8:35  SCV  
  69  8:39  SCV  
  71  8:42  Barracks Reactor x2  
  71  8:43  Starport Reactor  
  71  8:50  Medivac  
  71  8:53  SCV x2  
  71  8:54  Marine x3  
  78  9:06  SCV x2  
  80  9:12  Marine x3  
  73  9:23  Marine x4  
  70  9:30  Marine  
  71  9:37  Marine x2  
  73  9:41  Marine x4  
  77  9:47  Marine  
  78  9:55  Marine x2  
  78  9:59  Marine x3  
  81  10:08  Marine x2  
  81  10:13  Marine x2  
  85  10:16  Marine x2  
  85  10:17  Marine  
  82  10:26  Marine x2  
  78  10:31  Marine x2  
  78  10:34  Marine x3  
  73  10:44  Marine x2  
  68  10:54  Marine x5  
  66  11:01  Marine  
  66  11:03  Marine  
  66  11:10  SCV  
  67  11:11  Marine  
  67  11:18  Marine x3  
  69  11:20  SCV  
  69  11:22  SCV  
  74  11:32  SCV  
  74  11:33  Marine x4  
  74  11:35  SCV  
  74  11:36  Marine  
  80  11:40  Marine x2  
  80  11:44  SCV  
  84  11:47  SCV  
  84  11:50  Marine  
  85  11:57  SCV, Marine x4  
  90  12:02  Marine x2  
  92  12:08  Marine  
  92  12:17  Marine x4  
  92  12:19  SCV x2, Marine  
  92  12:20  Marine  
  92  12:22  Command Center  
  100  12:30  Medivac x3  
  100  12:36  SCV  
  100  12:37  SCV, Engineering Bay  
  108  12:39  Engineering Bay  
  108  12:44  Marine x2  
  110  12:54  Factory Reactor  
  110  12:59  Supply Depot  
  110  13:00  Supply Depot  
  110  13:01  Supply Depot  
  110  13:10  Marine  
  110  13:11  Marine  
  110  13:12  Marine x2  
  110  13:13  Marine  
  110  13:14  Marine  
  98  13:28  Marine  
  98  13:29  Marine x2  
  98  13:30  Marine x2  
  98  13:31  Widow Mine x2, Marine  
  105  13:35  Marine  
  104  13:46  Marine x2  
  104  13:47  Marine  
  98  13:58  Marine x2  
  98  13:59  Marine x2  
  98  14:00  Widow Mine x2  
  85  14:03  SCV x3  
  85  14:04  Marine x2  
  85  14:06  Marine  
  84  14:12  Terran Infantry Armor Level 1  
  84  14:16  Marine x2  
  84  14:27  Marine x3  
  84  14:28  Widow Mine x2  
  88  14:42  Marine  
  88  14:43  Marine x3  
  88  14:44  Marine x2  
  88  14:45  Marine  
  80  14:54  Banshee  
  80  14:57  Widow Mine x2  
  82  15:00  Marine x3  
  82  15:01  Marine  
  82  15:02  Marine x3  
  88  15:25  Widow Mine x2  
  92  15:33  Marine x2  
  92  15:34  Marine x3  
  95  15:44  Command Center  
  93  15:51  Marine x2  
  93  15:52  Marine x4  
  83  16:09  Widow Mine x2  
  73  16:25  SCV  
  73  16:26  SCV  
  73  16:37  Widow Mine  
  73  16:38  Widow Mine  
  73  16:50  Marine  
  73  16:51  Marine x3  
  77  17:06  Widow Mine x2  
  81  17:16  Marine x4  
  82  17:25  Marine x3  
  85  17:34  Widow Mine  
  87  17:39  Medivac, Marine x2  
  87  17:40  Widow Mine, Marine x2  
  95  17:50  SCV  
  96  18:03  Widow Mine  
  98  18:09  Widow Mine  
  98  18:10  Orbital Command  
  98  18:11  Refinery x2  
  84  18:32  Widow Mine  
  86  18:35  Medivac  
  86  18:37  Widow Mine  
  86  18:40  Barracks  
  90  18:41  Barracks  
  90  18:42  Barracks  
  90  18:43  Barracks  
  90  18:44  Barracks  
  83  19:26  Orbital Command  
  79  19:47  Barracks Reactor x5  
  75  19:57  Widow Mine x2  
  41  20:20  SCV x3  
  42  20:23  Marine  
  42  20:24  Marine x5  
  42  20:25  Marine x4  
  51  20:41  Marine x3  
  51  20:42  Marine x5  
  55  20:43  Marine x2  
  60  20:51  Command Center  
  59  20:59  Marine x2  
  59  21:00  Marine  
  59  21:02  Marine  
  52  21:12  Barracks  
  47  21:18  Barracks  
  47  21:20  Barracks  
  24  22:06  Viking x2  
  28  22:09  Barracks Reactor x2  
  24  22:34  Marine  
  24  22:36  Viking  
  24  22:37  Viking  
  28  22:39  Barracks x3  
  28  22:40  SCV, Barracks x2  
  28  22:44  Refinery  
  29  22:47  Marine  
  30  22:58  Supply Depot  
  30  23:03  Widow Mine, Marine  
Tags
 
Add a new tag
Caveats
  • Supply blocks, unpowered buildings, or Contaminate may cause inaccurate times.
  • Supply counts are checked every 10 seconds.